 Dungeon Crawl Stone Soup version 0.29.0-4-gdea44cf6ec (webtiles) character file.

Game seed: 6957247752484978811

109 qw the Ruffian (level 4, 0/36 HPs)
             Began as a Ghoul Fire Elementalist on Aug 29, 2022.
             Slain by a gnoll
             ... wielding a +0 whip
              (3 damage)
             ... on level 3 of the Dungeon.
             The game lasted 00:02:36 (3242 turns).

qw the Ruffian (Ghoul Fire Elementalist)            Turns: 3242, Time: 00:02:37

Health: 0/36       AC:  5    Str: 13    XL:     4   Next: 90%
Magic:  5/5        EV: 10    Int: 10    God:
Gold:   107        SH:  0    Dex:  9    Spells: 5/6 levels left

rFire   . . .      SeeInvis .     - Unarmed
rCold   + . .      Faith    .   (no shield)
rNeg    + + +      Spirit   .   c - +0 ring mail
rPois   inf        Reflect  .   (no helmet)
rElec   .          Harm     .   (no cloak)
rCorr   .          Rampage  .   (no gloves)
Will    .....                   (no boots)
Stlth   +.........              (no amulet)
HPRegen 0.00/turn               (no ring)
MPRegen 0.09/turn               (no ring)

@: inhibited regen
A: claws 1, cold resistance 1, negative energy resistance 3, inhibited
regeneration, torment resistance 2, devour on kill
a: no special abilities


You were on level 3 of the Dungeon.
You visited 1 branch of the dungeon, and saw 3 of its levels.

You collected 107 gold pieces.


Innate Abilities, Weirdness & Mutations

You are immune to poison.
You have sharp fingernails.
Your flesh is cold resistant. (rC+)
You are immune to negative energy. (rN+++)
You do not regenerate when monsters are visible.
You are immune to unholy pain and torment.
You thrive by killing the living.


   Skills:
 - Level 2.0 Fighting
 - Level 1.7 Dodging
 - Level 2.1 Stealth
 + Level 4.1 Unarmed Combat
 - Level 1.7 Spellcasting
 - Level 0.7 Conjurations
 - Level 2.4 Fire Magic


You had 5 spell levels left.
You knew the following spells:

 Your Spells              Type           Power      Damage    Failure   Level
a - Foxfire               Conj/Fire      16%        2x1d4     36%         1

Your spell library contained the following spells:

 Spells                   Type           Power      Damage    Failure   Level
 Scorch                   Fire           10%        2d5       36%         2
 Conjure Flame            Conj/Fire      4%         6-21      73%         3
 Inner Flame              Hex/Fire       3%         N/A       78%         3
 Flame Wave               Conj/Fire      4%         2d5       98%         4

Inventory:

Armour
 c - a +0 ring mail (worn)
Jewellery
 e - a ring of fire
Scrolls
 b - a scroll of identify
Potions
 a - a potion of attraction {unknown}
 d - 2 potions of degeneration {unknown}
 f - a potion of ambrosia {unknown}
 g - a potion of invisibility {unknown}

Dungeon Overview and Level Annotations

Branches:
Dungeon (3/15)

Altars:


Message History

The gnoll shouts!
You scratch the gnoll.
You kill the gnoll!
The gnoll hits you but does no damage.
You closely miss the gnoll.
The gnoll is heavily wounded.
The gnoll barely misses you.
You scratch the gnoll.
The gnoll is severely wounded.
The gnoll barely misses you.
You scratch the gnoll.
The gnoll is severely wounded.
The gnoll hits you but does no damage.
You scratch the gnoll.
The gnoll is almost dead.
The gnoll hits you but does no damage. The gnoll hits you with a +0 whip.
You scratch the gnoll.
The gnoll is almost dead.
The gnoll closely misses you. The gnoll barely misses you.
You claw the gnoll!
You kill the gnoll!
You feel better.
Your Fighting skill increases to level 2!
You barely miss the gnoll. The gnoll hits you with a +0 whip.
You barely miss the gnoll. Your claw misses the gnoll.
The gnoll completely misses you.
You scratch the gnoll.
The gnoll is moderately wounded.
The gnoll hits you with a +0 whip.
You closely miss the gnoll.
The gnoll is moderately wounded.
The gnoll barely misses you.
You scratch the gnoll.
The gnoll is heavily wounded.
The gnoll completely misses you.
You closely miss the gnoll.
The gnoll is heavily wounded.
The gnoll hits you with a +0 whip.
You die...

#...# #......####..#
##.## #.####.#####..###
###'## ## #...#........
.#...##.?)##...#.......#
.'.8.%..8.<###...#.##..#
.#...##...## ##.##.##..
###'## ### ...##.##.#
###.## #####)..#.#
##...# #@g.)..# #.8.#
#....#.# #.).#
#.#.##..[..g.g ##<##
#.#.##.#..#### ###
#.#.#####.# #.#.# ..$
#$#.# ### #.#.# #.


You could see a gnoll.

Vanquished Creatures
  3 gnolls (D:3)
  An adder (D:2)
  A worm (D:2)
  2 dart slugs (D:1)
  5 endoplasms (D:1)
  6 giant cockroaches
  9 goblins
  7 hobgoblins
  4 jackals (D:3)
  2 quokkas (D:1)
  8 ball pythons
  7 bats
  A frilled lizard (D:1)
  A kobold (D:1)
57 creatures vanquished.

Vanquished Creatures (others)
  2 demonic plants (D:1)
  3 fungi (D:1)
  A plant (D:3)
  A withered plant (D:1)
7 creatures vanquished.

Grand Total: 64 creatures vanquished

Notes
Turn   | Place    | Note
-------+----------+-------------------------------------------
     0 | D:1      | qw the Ghoul Fire Elementalist began the quest for the Orb.
     0 | D:1      | Reached XP level 1. HP: 14/14 MP: 2/2
     0 | D:1      | 0 ||| qw: Version: 0.1-a-90-g952f4b7
     0 | D:1      | 0 ||| qw: Game counter: 3826
     0 | D:1      | 0 ||| qw: Always use a shield: true
     0 | D:1      | 0 ||| qw: God list: Okawaru
     0 | D:1      | 0 ||| qw: Allow faded altars: false
     0 | D:1      | 0 ||| qw: Do Orc after D:15 true
     0 | D:1      | 0 ||| qw: Do second Lair branch before Depths: true
     0 | D:1      | 0 ||| qw: Lair rune preference: random
     0 | D:1      | 0 ||| qw: Plans: Normal
     0 | D:1      | 0 ||| PLANNING D:1-11
    33 | D:1      | HP: 2/14 [quokka (3)]
   476 | D:1      | Reached skill level 1 in Unarmed Combat
   705 | D:1      | Reached XP level 2. HP: 22/22 MP: 3/3
   707 | D:1      | 707 ||| Stepping ~*~*~tactically~*~*~ (hiding).
   809 | D:1      | 809 ||| Stepping ~*~*~tactically~*~*~ (hiding).
   824 | D:1      | Reached skill level 1 in Fighting
   927 | D:1      | Found a faded altar of an unknown god.
   980 | D:1      | 980 ||| Stepping ~*~*~tactically~*~*~ (stealth).
  1307 | D:1      | 1307 ||| Stepping ~*~*~tactically~*~*~ (hiding).
  1409 | D:1      | 1409 ||| Stepping ~*~*~tactically~*~*~ (hiding).
  1420 | D:1      | Reached skill level 2 in Unarmed Combat
  1574 | D:1      | Reached XP level 3. HP: 28/28 MP: 4/4
  1720 | D:1      | You fall into a shaft and drop 1 floor!
  1764 | D:2      | 1764 ||| UPGRADING to +0 leather armour.
  1774 | D:2      | 1774 ||| DROPPING +0 robe.
  1775 | D:2      | 1775 ||| DROPPING ring of magical power.
  1776 | D:2      | 1776 ||| READING scroll labelled IWKOFO QEIFIFF.
  1777 | D:2      | 1777 ||| READING scroll labelled UBEUCZ NURORUYGG.
  1778 | D:2      | 1778 ||| READING scroll labelled WEOSITT URAI.
  1779 | D:2      | 1779 ||| DROPPING potion of magic.
  1838 | D:1      | 1838 ||| Stepping ~*~*~tactically~*~*~ (stealth).
  2058 | D:1      | 2058 ||| READING scroll labelled VEASA JOKLOCSUM.
  2321 | D:2      | Reached skill level 3 in Unarmed Combat
  2376 | D:2      | 2376 ||| Stepping ~*~*~tactically~*~*~ (stealth).
  2387 | D:2      | 2387 ||| Stepping ~*~*~tactically~*~*~ (outnumbered).
  2388 | D:2      | 2388 ||| Stepping ~*~*~tactically~*~*~ (outnumbered).
  2389 | D:2      | 2389 ||| Stepping ~*~*~tactically~*~*~ (outnumbered).
  2390 | D:2      | 2390 ||| Stepping ~*~*~tactically~*~*~ (outnumbered).
  2391 | D:2      | 2391 ||| Stepping ~*~*~tactically~*~*~ (outnumbered).
  2392 | D:2      | 2392 ||| Stepping ~*~*~tactically~*~*~ (outnumbered).
  2393 | D:2      | 2393 ||| Stepping ~*~*~tactically~*~*~ (outnumbered).
  2394 | D:2      | 2394 ||| Stepping ~*~*~tactically~*~*~ (outnumbered).
  2530 | D:2      | Reached XP level 4. HP: 27/35 MP: 5/5
  2766 | D:2      | 2766 ||| UPGRADING to +0 ring mail.
  2776 | D:2      | 2776 ||| DROPPING +0 leather armour.
  2794 | D:3      | 2794 ||| STAIRDANCE
  2864 | D:3      | 2864 ||| Stepping ~*~*~tactically~*~*~ (stealth).
  2866 | D:3      | 2866 ||| Stepping ~*~*~tactically~*~*~ (stealth).
  2982 | D:3      | 2982 ||| Stepping ~*~*~tactically~*~*~ (outnumbered).
  3007 | D:3      | 3007 ||| Stepping ~*~*~tactically~*~*~ (stealth).
  3011 | D:3      | 3011 ||| Stepping ~*~*~tactically~*~*~ (stealth).
  3012 | D:3      | 3012 ||| Stepping ~*~*~tactically~*~*~ (stealth).
  3133 | D:3      | 3133 ||| Stepping ~*~*~tactically~*~*~ (stealth).
  3136 | D:3      | 3136 ||| Stepping ~*~*~tactically~*~*~ (stealth).
  3211 | D:3      | 3211 ||| Stepping ~*~*~tactically~*~*~ (stealth).
  3215 | D:3      | 3215 ||| Stepping ~*~*~tactically~*~*~ (outnumbered).
  3219 | D:3      | 3219 ||| Stepping ~*~*~tactically~*~*~ (stealth).
  3223 | D:3      | Reached skill level 4 in Unarmed Combat
  3226 | D:3      | 3226 ||| Stepping ~*~*~tactically~*~*~ (outnumbered).
  3227 | D:3      | 3227 ||| Stepping ~*~*~tactically~*~*~ (outnumbered).
  3228 | D:3      | HP: 6/35 [gnoll/+0 whip (3)]
  3234 | D:3      | HP: 5/36 [gnoll/+0 whip (1)]
  3239 | D:3      | HP: 3/36 [gnoll/+0 whip (4)]
  3242 | D:3      | Slain by a gnoll

Levels and vault maps discovered:
D:1:      kennysheep_arrival_forest, layout_loops_ring,
          shapermc_ecumenical_altar_gd, minmay_shallow_snake_nest
D:2:      layout_basic
D:3:      layout_loops_ring, nicolae_gozag_cash_rules_everything_around_me,
          grunt_ministairs_5, serial_bayou_ford_a, minmay_misc_feat_nine_boxes,
          uniq_crazy_yiuf_cottage, uniq_natasha

Skill      XL: |  1  2  3  4 |
---------------+-------------+-----
Unarmed Combat | 1 2 3 4 |  4.1
Fighting       | 1 2 |  2.0
Dodging        | |  1.7
Stealth        | |  2.1
Spellcasting   | |  1.7
Conjurations   | |  0.7
Fire Magic     | |  2.4

Action                   |  1- 3 |  4- 6 || total
-------------------------+-------+-------++-------
Melee: Unarmed           |   159 |    90 ||   249
       Punch             |     2 |     1 ||     3
  Use: Scroll            |     4 |       ||     4
Armor: Robe              |    13 |       ||    13
       Leather armour    |    17 |       ||    17
       Ring mail         |       |    19 ||    19
Dodge: Dodged            |    91 |    55 ||   146

Table legend:
 A = Non-vault XP
 B = Vault XP
 C = Vault XP percentage of total XP
 D = Non-vault monster count
 E = Vault monster count
 F = Vault count percentage of total count
                 A         B        C        D         E       F
            +---------+---------+-------+---------+---------+-------
      Total |     149 |       8 |   5.1 |      52 |       5 |   8.8
            +---------+---------+-------+---------+---------+-------
        D:1 |      44 |       4 |   8.3 |      22 |       3 |  12.0
        D:2 |      35 |       2 |   5.4 |      12 |       1 |   7.7
        D:3 |      70 |       2 |   2.8 |      18 |       1 |   5.3
            +---------+---------+-------+---------+---------+-------
